 Dungeon Crawl Stone Soup version 0.18-a0-1171-ga8e22e7 (webtiles) character file.

90 4thArraOfDagon the Stinger (level 4, -13/36 HPs)
             Began as a Naga Venom Mage on Jan 26, 2016.
             Mangled by a gnoll
             ... wielding a +0 flail
              (14 damage)
             ... on level 4 of the Dungeon.
             The game lasted 00:03:20 (363 turns).

4thArraOfDagon the Stinger (Naga Venom Mage)         Turns: 363, Time: 00:03:20

Health: -13/36     AC:  2    Str: 11    XL:     4   Next: 56%
Magic:  0/7        EV: 10    Int: 16    God:
Gold:   44         SH:  0    Dex: 11    Spells: 2 memorised, 3 levels left

rFire  . . .     SeeInvis +     (no weapon)
rCold  . . .     Gourm    .     a - +0 robe
rNeg   . . .     Faith    .     (no shield)
rPois  +         Spirit   .     (no helmet)
rElec  .         Dismiss  .     (no cloak)
rCorr  .         Reflect  .     (no gloves)
SustAt .         Harm     .     (no barding)
MR     .....                    (no amulet)
Stlth  ++........               (no ring)
                                (no ring)

@: lethally poisoned (-13 -> -15), short of breath, very slow, not resistant to
hostile enchantments, unstealthy
A: see invisible, deformed body, poison resistance, slowness 2, slow metabolism
1, spit poison 2, AC +1
a: Spit Poison


You were on level 4 of the Dungeon.
You were not hungry.

You visited 1 branch of the dungeon, and saw 4 of its levels.

You collected 44 gold pieces.

Inventory:

Armour
 a - a +0 robe (worn)
Books
 b - a Young Poisoner's Handbook

   Spells                             Type                      Level
   a - Sting                          Conjuration/Poison           1
   b - Cure Poison                    Poison                       2
   c - Mephitic Cloud                 Conjuration/Poison/Air       3
   d - Olgreb's Toxic Radiance        Poison                       4
   e - Venom Bolt                     Conjuration/Poison           5
Comestibles
 c - a bread ration


   Skills:
 - Level 1.5 Dodging
 - Level 3.0 Stealth
 - Level 2.0 Spellcasting
 * Level 2.8 Conjurations
 * Level 6.5 Poison Magic


You had 3 spell levels left.
You knew the following spells:

 Your Spells              Type           Power        Failure   Level  Hunger
a - Sting                 Conj/Pois      ###.         3%          1    #......
b - Mephitic Cloud        Conj/Pois/Air  ##......     17%         3    ###....


Dungeon Overview and Level Annotations

Branches:
Dungeon (4/15)
 Temple: D:4-7

Altars:

Annotations:
D:4 2 runed doors


Innate Abilities, Weirdness & Mutations

You cannot wear boots.
Your serpentine skin is tough (AC +1).
You have supernaturally acute eyesight.
Armour fits poorly on your strangely shaped body.
Your system is resistant to poisons.
You cover ground very slowly.
You have a slow metabolism.
You can spit poison.


Message History

Confirm with . or Enter, or press ? or * to list all spells.
Aiming: Sting
Press: ? - help, Shift-Dir - straight line, f/p - gnoll
Aim: a gnoll, wielding a flail (lightly wounded)
The sting hits the gnoll.
The gnoll is poisoned.
The gnoll is moderately wounded.
The gnoll closely misses you.
Unknown command.
You feel sick. The gnoll hits you with a flail.
* * * LOW HITPOINT WARNING * * *
Unknown command.
Unknown command.
You have got your breath back.
Unknown command.
Press: ? - help, Shift-Dir - straight line, f/p - gnoll
Aim: a gnoll, wielding a flail (moderately wounded, poisoned)
The splash of poison hits the gnoll.
The gnoll looks even sicker.
The gnoll is severely wounded.
You feel slightly more hungry. The gnoll hits you with a flail!
You die...

## . . #.
#.#####
.#.#.....
#.......# #@#
#g# #.# .
#.####.# ..#
#......#
....######..#
............#
Z......(<...#
#.#.#####..##


You could see a gnoll.

Vanquished Creatures
  A scorpion (D:4)
  An adder (D:4)
  A gnoll (D:3)
  A worm (D:1)
  2 giant geckos
  2 bats (D:2)
  3 giant cockroaches
  2 goblins
  4 kobolds (D:1)
  2 giant newts
  3 rats
22 creatures vanquished.

Notes
Turn   | Place    | Note
--------------------------------------------------------------
     0 | D:1      | 4thArraOfDagon the Naga Venom Mage began the quest for the Orb.
     0 | D:1      | Reached XP level 1. HP: 15/15 MP: 3/3
    65 | D:1      | Reached skill level 1 in Conjurations
    92 | D:1      | Reached XP level 2. HP: 22/22 MP: 5/5
   262 | D:3      | Reached XP level 3. HP: 17/28 MP: 2/6
   281 | D:3      | Learned a level 3 spell: Mephitic Cloud
   321 | D:4      | Found a large runed door.
   321 | D:4      | Found a large runed door.
   330 | D:4      | Noticed a phantom
   331 | D:4      | Reached skill level 6 in Poison Magic
   340 | D:4      | Noticed a scorpion
   349 | D:4      | Killed a scorpion
   349 | D:4      | Reached XP level 4. HP: 12/36 MP: 0/7
   361 | D:4      | HP: 1/36 [gnoll/flail (4)]
   363 | D:4      | Mangled by a gnoll

Vault maps used:
D:1:      evilmike_arrival_run_for_it
D:2:      first_bread
D:3:      ecumenical_altar_2
D:4:      kennysheep_mini, minmay_temple_entry_enclosed_plants, enter_ossuary_4,
          kennysheep_pointless_box, minmay_hollow_rounded_squares

Action                   |  1- 3 |  4- 6 || total
-------------------------+-------+-------++-------
Melee: Unarmed           |    14 |       ||    14
 Cast: Sting             |    31 |     2 ||    33
 Abil: Spit Poison       |    21 |     2 ||    23
  Use: Scroll            |     1 |     1 ||     2
       Potion            |     1 |       ||     1
